 Dungeon Crawl Stone Soup version 0.28.0-43-g3370ac3207 (webtiles) character file.

Game seed: 4459317176984502556

73 crimpus the Skirmisher (level 4, -1/41 HPs)
             Began as a Minotaur Fighter on Mar 20, 2022.
             Succumbed to an adder's poison
             ... on level 2 of the Dungeon.
             The game lasted 00:01:04 (1090 turns).

crimpus the Skirmisher (Minotaur Fighter)           Turns: 1090, Time: 00:01:04

Health: -1/41      AC:  7    Str: 23    XL:     4   Next: 8%
Magic:  3/3        EV:  9    Int:  5    God:
Gold:   131        SH:  4    Dex:  9    Spells: 3/3 levels left

rFire   . . .      SeeInvis .   a - +0 war axe
rCold   . . .      Faith    .   c - +0 buckler
rNeg    . . .      Spirit   .   b - +0 scale mail
rPois   .          Reflect  .   (helmet restricted)
rElec   .          Harm     .   (no cloak)
rCorr   .          Rampage  .   (no gloves)
Will    .....                   (no boots)
Stlth   ..........              (no amulet)
HPRegen 0.13/turn               (no ring)
MPRegen 0.08/turn               (no ring)

@: mighty, lethally poisoned (-1 -> -3)
A: horns 2, retaliatory headbutt
a: no special abilities


You were on level 2 of the Dungeon.
You visited 1 branch of the dungeon, and saw 2 of its levels.

You collected 131 gold pieces.

Inventory:

Hand Weapons
 a - a +0 war axe (weapon)
Armour
 b - a +0 scale mail (worn)
 c - a +0 buckler (worn)
Jewellery
 j - a ring of magical power
 m - a ring of positive energy
Scrolls
 e - a scroll of fog {unknown}
 f - a scroll of magic mapping {unknown}
 g - 5 scrolls of identify {unknown}
 h - a scroll of vulnerability {unknown}
 i - a scroll of teleportation {unknown}
 n - a scroll of holy word {unknown}
Potions
 k - a potion of curing {unknown}
 l - a potion of heal wounds {unknown}


   Skills:
 + Level 4.8 Fighting
 + Level 3.2 Axes
 + Level 4.1 Armour
 + Level 0.1 Dodging
 + Level 4.1 Shields


You had 3 spell levels left.
You didn't know any spells.
Your spell library was empty.

Dungeon Overview and Level Annotations

Branches:
Dungeon (2/15)

Altars:

Annotations:
D:2 Sigmund


Innate Abilities, Weirdness & Mutations

You have a pair of horns on your head.
You reflexively headbutt those who attack you in melee.


Message History

The adder barely misses you.
You barely miss the adder. You headbutt the adder.
The adder is almost dead.
You hit Sigmund. The adder bites you but does no damage.
Sigmund hits you with a +0 scythe. The adder bites you but does no damage.
You miss the adder.
The adder is almost dead.
You closely miss Sigmund. The adder bites you.
You are poisoned.
The adder poisons you! Sigmund gestures at you while chanting.
The puff of flame hits you. The adder bites you.
You barely miss the adder.
The adder is almost dead.
You hit Sigmund but do no damage.
You feel very sick. Sigmund hits you with a +0 scythe.
* * * LOW HITPOINT WARNING * * *
The adder bites you but does no damage.
A rat comes into view.
You feel very mighty all of a sudden.
You feel sick. The adder closely misses you. Sigmund barely misses you.
The adder bites you but does no damage.
You slash Sigmund!
Sigmund is moderately wounded.
You barely miss the adder.
You feel sick. The adder bites you but does no damage. Sigmund misses you.
You furiously retaliate!
You headbutt Sigmund.
Unknown command.
You slash Sigmund!
Sigmund is almost dead.
You barely miss the rat. You barely miss the adder.
You feel sick.
The adder barely misses you. x2; The rat bites you but does no damage.
Sigmund casts a spell at you. The magic dart hits you!
* * * LOW HITPOINT WARNING * * *
You barely miss Sigmund. Your headbutt misses Sigmund.
Sigmund is almost dead.
You closely miss the rat. You closely miss the adder.
You die...

♣♣.♣ .♣♣.....#≈≈≈≈≈≈≈≈ #....
.♣.♣♣♣♣.......#≈≈≈≈..$.
#.... .♣............#≈≈≈....
. #..†.
♣..#....#.....#≈≈....♣..
#.... ####....#.....#≈...#
.## #....
.......##.....#≈...#...#
#..>. .......######.'...♣..♣
#.... .......########≈.r.#
#.... ..............#≈@S.#
#.... ..####........#≈≈@...♣
#.##.
..####.......(#≈≈≈......
#.##[
..............#≈≈≈≈.....
#.##.
..####........#≈≈≈≈≈≈≈≈≈
#.##. ..#
#........###############.##.
..#
#...........##.........#.##.
..#
#.........####.........#.##.
..# #.........#
#.........#.##.


You could see Sigmund, an adder and a rat.

Vanquished Creatures
  A gnoll (D:1)
  2 adders (D:2)
  3 dart slugs (D:1)
  5 bats
  2 endoplasms (D:1)
  2 giant cockroaches
  2 goblins
  8 jackals (D:1)
  2 quokkas
  A ball python (D:1)
  4 frilled lizards (D:1)
  5 kobolds
  2 rats (D:1)
39 creatures vanquished.

Notes
Turn   | Place    | Note
-------+----------+-------------------------------------------
     0 | D:1      | crimpus the Minotaur Fighter began the quest for the Orb.
     0 | D:1      | Reached XP level 1. HP: 19/19 MP: 0/0
    67 | D:1      | Reached XP level 2. HP: 23/27 MP: 1/1
   267 | D:1      | Reached XP level 3. HP: 13/33 MP: 2/2
   683 | D:2      | Found a faded altar of an unknown god.
   992 | D:2      | Reached XP level 4. HP: 40/41 MP: 3/3
  1078 | D:2      | Noticed Sigmund
  1089 | D:2      | HP: 1/41 [Sigmund/magic dart (9)]
  1090 | D:2      | Succumbed to an adder's poison

Illustrated notes

Levels and vault maps discovered:
D:1:      dpeg_arrival_tiny_j, layout_rooms, minmay_quantized
D:2:      layout_basic, shapermc_ecumenical_altar_totnotflames,
          grunt_decor_resistance, minmay_misc_feat_room,
          kennysheep_generic_room_2, uniq_sigmund

Skill      XL: |  1  2  3 |
---------------+----------+-----
Fighting       | 4 |  4.8
Armour         | 4 |  4.1
Shields        | 4 |  4.1
Axes           | 3 |  3.2
Dodging        | |  0.1

Action                   |  1- 3 |  4- 6 || total
-------------------------+-------+-------++-------
Melee: War axe           |    71 |     8 ||    79
       Headbutt          |    10 |     1 ||    11
  Use: Potion            |       |     1 ||     1
Armor: Scale mail        |    44 |     7 ||    51
Dodge: Dodged            |    45 |     7 ||    52
Block: Buckler           |    14 |     1 ||    15
